 Dungeon Crawl Stone Soup version 0.27-a0-416-gca2cecf3c0 (webtiles) character file.

Game seed: 3636483049991223702

31808 dickylongcocking the Impassioned (level 13, -4/85 HPs)
             Began as a Demonspawn Gladiator on Feb 24, 2021.
             Was a Follower of Uskayaw.
             Killed from afar by an ophan (60 damage)
             ... with a bolt of fire
             ... on level 3 of the Abyss.
             The game lasted 00:16:08 (17125 turns).

dickylongcocking the Impassioned (DsGl)            Turns: 17125, Time: 00:16:08

Health: -4/85      AC: 30    Str: 23    XL:     13   Next: 28%
Magic:  18/25      EV: 17    Int: 16    God:    Uskayaw [*.....]
Gold:   1506       SH:  0    Dex: 25    Spells: 12/12 levels left

rFire    x . .     SeeInvis .   T - +0 short sword (elec)
rCold    + + .     Faith    +   (no shield)
rNeg     . . .     Spirit   .   i - +9 ice dragon scales of the Unseen Realm {rPois rF- rC++ Str+4 Int+3 Stlth-}
rPois    +         Reflect  .   K - +1 helmet {Int+3}
rElec    .         Harm     .   u - +0 cloak
rCorr    .         Rampage  .   H - +2 pair of gloves
Will     .....                  S - +0 pair of boots
Stlth    ++........             w - amulet of faith
HPRegen  0.24/turn              E - ring of flight
MPRegen  0.19/turn              t - +6 ring of dexterity

@: glowing, studying Invocations
A: hooves 2, thin skeletal structure 2, spiny 2
a: Renounce Religion, Evoke Flight, Stomp


You were on level 3 of the Abyss.
You worshipped Uskayaw.
Uskayaw was most pleased with you.
You visited 1 branch of the dungeon, and saw 14 of its levels.
You visited the Abyss 1 time.
You also visited: Bailey and Ice Cave.

You collected 1506 gold pieces.

Inventory:

Hand Weapons
 a - a +0 flail
 l - a +0 short sword
 m - a +0 short sword
 n - a +2 dagger of draining
 y - a +5 scimitar of protection
 I - a +0 dagger of speed
 T - a +0 short sword of electrocution (weapon)
Missiles
 d - 5 throwing nets (quivered)
 U - 74 boomerangs
Armour
 b - a +0 leather armour
 i - the +9 ice dragon scales of the Unseen Realm (worn) {rPois rF- rC++ Str+4 Int+3 Stlth-}
   (You took it off a kobold in a bailey)

   It affects your strength (+4).
   It affects your intelligence (+3).
   It makes you vulnerable to fire.
   It greatly protects you from cold.
   It protects you from poison.
   It makes you less stealthy.
 q - a +0 ring mail
 u - a +0 cloak (worn)
 v - a +0 pair of gloves
 H - a +2 pair of gloves (worn)
 K - a +1 helmet of intelligence (worn)
 O - a +0 scale mail
 S - a +0 pair of boots (worn)
Jewellery
 e - a ring of resist corrosion
 t - a +6 ring of dexterity (right hand)
 w - an amulet of faith (around neck)
 A - a ring of fire
 E - a ring of flight (left hand)
 N - an amulet of the acrobat
 P - a ring of willpower
 Q - a ring of see invisible
 W - a ring of poison resistance
Wands
 o - a wand of flame (51)
 x - a wand of random effects (31)
 C - a wand of digging (2)
 X - a wand of acid (7)
 Y - a wand of paralysis (5)
Scrolls
 c - a scroll of immolation
 f - 3 scrolls of amnesia
 g - a scroll of fear
 h - 2 scrolls of identify
 k - 8 scrolls of teleportation
 s - 3 scrolls of enchant weapon
 L - a scroll of fog
 M - 3 scrolls of vulnerability
 R - 3 scrolls of magic mapping
Potions
 j - a potion of berserk rage
 p - 6 potions of curing
 r - 4 potions of flight
 z - 3 potions of cancellation
 B - 7 potions of haste
 D - 3 potions of might
 F - 8 potions of brilliance
 G - 5 potions of lignification
 J - a potion of magic
 V - 2 potions of mutation
 Z - 3 potions of heal wounds


   Skills:
 - Level 2.6 Fighting
 * Level 3.4(6.9) Short Blades
 - Level 9.4(9.7) Long Blades
 - Level 3.3 Maces & Flails
 - Level 2.2 Throwing
 * Level 9.0 Armour
 * Level 7.3 Dodging
 * Level 9.6 Stealth
 * Level 17.0 Invocations


You had 12 spell levels left.
You didn't know any spells.
Your spell library contained the following spells:

 Spells                   Type           Power        Failure   Level
 Corona                   Hex            0%           54%         1
 Magic Dart               Conj           0%           54%         1
 Blink                    Tloc           N/A          69%         2
 Call Imp                 Summ           0%           69%         2
 Ensorcelled Hibernation  Hex/Ice        0%           69%         2
 Slow                     Hex            0%           69%         2
 Conjure Flame            Conj/Fire      0%           89%         3
 Inner Flame              Hex/Fire       0%           89%         3
 Mephitic Cloud           Conj/Pois/Air  0%           89%         3
 Portal Projectile        Hex/Tloc       0%           89%         3
 Animate Armour           Summ/Erth      0%           100%        4
 Cause Fear               Hex            0%           100%        4
 Leda's Liquefaction      Hex/Erth       0%           100%        4
 Bolt of Magma            Conj/Fire/Erth 0%           100%        5
 Borgnjor's Vile Clutch   Necr/Erth      0%           100%        5
 Iskenderun's Battlesphe  Conj           0%           100%        5
 Silence                  Hex/Air        0%           100%        5
 Iron Shot                Conj/Erth      0%           100%        6
 Shadow Creatures         Summ           N/A          100%        6
 Orb of Destruction       Conj           0%           100%        7
 Spellforged Servitor     Conj/Summ      0%           100%        7


Dungeon Overview and Level Annotations

Branches:
Dungeon (14/15)            Temple (0/1) D:6            Lair (0/6) D:8
    Orc (0/2) D:11         Vaults (0/5) D:14         Bailey (visited)
  IceCv (visited)

Altars:
Ashenzari
Dithmenos
Fedhas
Gozag
Makhleb
Nemelex Xobeh
Okawaru
Ru
Sif Muna
Trog
Uskayaw
Vehumet
Xom
Zin
The Shining One

Shops:
D:5 :

Portals:
Trove: D:14 (give 16 scrolls of teleportation)

Annotations:
D:14 Louise


Innate Abilities, Weirdness & Mutations

You have hoof-like feet.
You have a moderately thin skeletal structure. (Dex +4, Stealth+)
You are mostly covered in sharp spines.


Message History

The wolf spider zombie is engulfed in blessed fire.
The wolf spider zombie closely misses you.
The wolf spider zombie misses you.
The wolf spider zombie is engulfed in blessed fire.
The wolf spider zombie hits you.
The wolf spider zombie closely misses you.
You can now pass through a line of other dancers.
Unknown command.
Unknown command.
You closely miss the ophan.
The ophan is severely wounded.
The wolf spider zombie is engulfed in blessed fire.
The wolf spider zombie is destroyed!
Unknown command.
You closely miss the ophan.
The ophan is severely wounded.
Unknown command.
You barely miss the ophan.
The ophan is severely wounded.
The ophan calls forth blessed flames!
Unknown command.
You stomp with the beat, sending a shockwave through the revellers around you!
The ophan is severely wounded.
You can no longer pass through a line of other dancers.
Unknown command.
You hit the ophan but do no damage.
The ophan is severely wounded.
Unknown command.
You closely miss the ophan.
The ophan is severely wounded.
You closely miss the ophan.
The ophan is severely wounded.
You barely miss the ophan.
The ophan is severely wounded.
You hit the ophan but do no damage.
The ophan is severely wounded.
The ophan harnesses the cleansing power of fire!
The bolt of fire hits you!!! The fire burns you terribly!
Ouch! That really hurt!
You die...

.. . . ###.. .
..# .# . . ##
######## .. . # #
. # ## . .. # # .
##.#.. .
........##.#### .
. .#...#§§§#.#.##
..##.
..#..#.§@G.....#
## #
#.......#§#..##.#
#.## # .....##.#
## ## #..... #...
#......#.### # .
..#. .. ....
#.#.# # .. .. .#.
. ... ... . #


You could see an ophan.

Vanquished Creatures
  Erolcha (D:13)
  2 two-headed ogres (D:11)
  A centaur warrior (D:14)
  An unseen horror (D:11)
  3 orc knights (Bailey)
  2 necromancers
  A deep elf pyromancer (D:8)
  A manticore (D:11)
  2 cyclopes
  2 ice statues (IceCv)
  2 ugly things
  Joseph (D:8)
  3 gargoyles
  A freezing wraith (D:11)
  4 ice devils
  4 hornets
  10 trolls
  19 slime creatures
  A wraith (D:14)
  A shadow (D:11)
  15 yaks
  3 wyverns (D:8)
  2 basilisks (D:8)
  A chaos spawn (Abyss:3)
  A soldier ant (shapeshifter) (D:13)
  An acid dragon (D:12)
  4 water moccasins
  6 black bears
  4 ice beasts
  5 sky beasts
  A necrophage (D:5)
  7 ogres
  13 orc warriors
  8 centaurs
  7 phantoms
  10 bullfrogs
  Blork the orc (D:4)
  3 kobold brigands
  A wyvern zombie (D:11)
  8 scorpions
  14 killer bees
  21 wights
  5 howler monkeys
  A bullfrog zombie (D:5)
  The ghost of bobarctor the Magician, a weakling DEWz (D:3)
  2 centaur zombies
  3 jellies
  A quasit (D:11)
  A gnoll shaman (D:6)
  3 draconian simulacra (IceCv)
  7 orc priests
  5 hounds
  2 bullfrog skeletons
  3 centaur skeletons
  4 iguanas
  Natasha (thrice) (D:2)
  13 orc wizards
  13 worker ants
  2 troll simulacra (IceCv)
  3 hound skeletons
  A worker ant zombie (D:4)
  9 gnolls
  12 adders
  A naga simulacrum (IceCv)
  4 ogre simulacra (IceCv)
  3 shadow imps
  3 white imps
  4 ufetubi
  2 oozes
  An adder skeleton (D:7)
  3 worms
  2 dart slugs
  7 leopard geckos
  65 orcs
  2 ball pythons
  4 giant cockroaches
  17 goblins
  11 hobgoblins
  16 jackals
  35 kobolds
  7 quokkas
  8 bats
  4 frilled lizards
  A jackal skeleton (D:2)
  A quokka zombie (D:8)
  12 rats
505 creatures vanquished.

Vanquished Creatures (others)
  A wolf spider zombie (Abyss:3)
  A large abomination (Abyss:3)
  An adder skeleton (D:6)
  7 plants
10 creatures vanquished.

Grand Total: 515 creatures vanquished

Notes
Turn   | Place    | Note
-------+----------+-------------------------------------------
     0 | D:1      | dickylongcocking the Demonspawn Gladiator began the quest
                  | for the Orb.
     0 | D:1      | Reached XP level 1. HP: 16/16 MP: 1/1
   190 | D:1      | Gained mutation: You have a somewhat thin skeletal
                  | structure. (Dex +2, Stealth) [demonic ancestry]
   190 | D:1      | Reached XP level 2. HP: 6/22 MP: 2/2
  1089 | D:1      | Gained mutation: You are partially covered in sharp spines.
                  | [demonic ancestry]
  1089 | D:1      | Reached XP level 3. HP: 27/27 MP: 3/3
  1090 | D:1      | Found a glowing golden altar of the Shining One.
  1487 | D:2      | Reached skill level 1 in Armour
  1677 | D:2      | Found an opulent altar of Gozag.
  1679 | D:2      | Found a sparkling altar of Nemelex Xobeh.
  1689 | D:2      | Found a hide-covered altar of Uskayaw.
  1692 | D:2      | Found a broken altar of Ashenzari.
  1705 | D:2      | Found a shimmering altar of Xom.
  1758 | D:2      | Became a worshipper of Uskayaw the Reveller
  1775 | D:2      | Found a broken altar of Ashenzari.
  1780 | D:2      | Reached * piety under Uskayaw
  1996 | D:2      | Noticed Natasha
  2000 | D:2      | Killed Natasha
  2000 | D:2      | Reached ** piety under Uskayaw
  2001 | D:2      | Reached skill level 1 in Stealth
  2001 | D:2      | Reached XP level 4. HP: 27/34 MP: 4/4
  2204 | D:2      | Noticed Natasha
  2216 | D:2      | Reached *** piety under Uskayaw
  2217 | D:2      | Killed Natasha
  2336 | D:2      | Noticed Natasha
  2345 | D:2      | Killed Natasha
  2346 | D:2      | Reached skill level 1 in Invocations
  2346 | D:2      | Gained mutation: You are mostly covered in sharp spines.
                  | [demonic ancestry]
  2346 | D:2      | Reached XP level 5. HP: 36/39 MP: 4/6
  2454 | D:2      | Reached skill level 2 in Invocations
  2729 | D:3      | Found a runed translucent gate.
  2729 | D:3      | Found a runed translucent gate.
  2730 | D:3      | Found a runed translucent gate.
  2732 | D:3      | Identified the +5 whip "Bisajino" {drain, Will+ Int-4 Dex+3
                  | SInv}
  2732 | D:3      | Noticed bobarctor's ghost (weakling DEWz)
  2763 | D:3      | Killed bobarctor's ghost
  2764 | D:3      | Reached skill level 3 in Invocations
  2772 | D:3      | Reached **** piety under Uskayaw
  2776 | D:3      | Reached skill level 4 in Invocations
  2776 | D:3      | Gained mutation: You have large cloven feet. [demonic
                  | ancestry]
  2776 | D:3      | Reached XP level 6. HP: 28/46 MP: 7/9
  2781 | D:3      | Reached ***** piety under Uskayaw
  3113 | D:3      | Reached skill level 5 in Invocations
  3207 | D:3      | Found a shadowy altar of Dithmenos.
  3220 | D:3      | Found a radiant altar of Vehumet.
  3455 | D:3      | Found a faded altar of an unknown god.
  3843 | D:3      | Found a blossoming altar of Fedhas.
  4088 | D:4      | Reached skill level 6 in Invocations
  4223 | D:4      | Noticed Blork the orc
  4233 | D:4      | Killed Blork the orc
  4234 | D:4      | Reached skill level 7 in Invocations
  4282 | D:4      | Reached XP level 7. HP: 33/51 MP: 12/12
  4657 | D:4      | Noticed a balrug
  4658 | D:4      | Found a burning altar of Makhleb.
  4663 | D:4      | Found a glowing silver altar of Zin.
  4663 | D:4      | Noticed an angel
  4755 | D:5      | Entered Level 5 of the Dungeon
  4766 | D:5      | Reached skill level 1 in Long Blades
  4766 | D:5      | Reached skill level 8 in Invocations
  4937 | D:5      | Reached XP level 8. HP: 51/57 MP: 14/14
  4981 | D:5      | Found Vemear's Book Shoppe.
  5002 | D:5      | Reached skill level 9 in Invocations
  5786 | D:6      | Reached skill level 10 in Invocations
  5800 | D:6      | Reached ****** piety under Uskayaw
  6071 | D:6      | Found a staircase to the Ecumenical Temple.
  6457 | D:6      | Reached skill level 5 in Long Blades
  6457 | D:6      | Gained mutation: You have hoof-like feet. [demonic
                  | ancestry]
  6457 | D:6      | Reached XP level 9. HP: 44/62 MP: 16/16
  7192 | D:7      | Found a shimmering blue altar of Sif Muna.
  7326 | D:7      | Found a bloodstained altar of Trog.
  7337 | D:7      | Reached skill level 11 in Invocations
  7503 | D:7      | Found an iron altar of Okawaru.
  7510 | D:7      | Found a sacrificial altar of Ru.
  7693 | D:8      | Found a staircase to the Lair.
  7701 | D:8      | Reached skill level 5 in Stealth
  7712 | D:8      | Reached skill level 12 in Invocations
  7712 | D:8      | Gained mutation: You have a moderately thin skeletal
                  | structure. (Dex +4, Stealth+) [demonic ancestry]
  7712 | D:8      | Reached XP level 10. HP: 46/68 MP: 14/19
  8099 | D:8      | Noticed Joseph
  8111 | D:8      | Killed Joseph
  8112 | D:8      | Reached skill level 5 in Armour
  8621 | D:8      | You fall into a shaft and drop 1 floor!
  9308 | D:8      | Found a shadowy altar of Dithmenos.
  9309 | D:8      | Noticed a deep elf pyromancer
  9316 | D:8      | Killed a deep elf pyromancer
  9358 | D:8      | Reached skill level 13 in Invocations
  9894 | D:10     | Entered Level 10 of the Dungeon
 10099 | D:10     | Reached XP level 11. HP: 74/74 MP: 20/20
 10289 | D:10     | Found a sacrificial altar of Ru.
 10897 | D:11     | Noticed a white ugly thing
 10906 | D:11     | Killed a white ugly thing
 11186 | D:11     | Identified a scroll of acquirement
 11186 | D:11     | Acquired a manual of Invocations
 11269 | D:11     | Found a flagged portal.
 11287 | Bailey   | Entered a bailey
 11298 | Bailey   | Noticed an orc knight
 11307 | Bailey   | Noticed an orc knight
 11323 | Bailey   | Killed an orc knight
 11337 | Bailey   | Killed an orc knight
 11355 | Bailey   | Noticed an orc knight
 11360 | Bailey   | Identified the +9 ice dragon scales of the Unseen Realm
                  | {rPois rF- rC++ Str+4 Int+3 Stlth-}
 11367 | Bailey   | Killed an orc knight
 11726 | D:11     | Noticed a two-headed ogre
 11734 | D:11     | Killed a two-headed ogre
 11735 | D:11     | Reached skill level 14 in Invocations
 11796 | D:11     | Found a transporter.
 11923 | D:11     | Noticed a two-headed ogre
 12016 | D:11     | Found a transporter.
 12159 | D:11     | Reached skill level 5 in Dodging
 12352 | D:11     | Reached XP level 12. HP: 80/80 MP: 23/23
 12753 | D:11     | Found a staircase to the Orcish Mines.
 12848 | D:11     | Killed a two-headed ogre
 12849 | D:11     | Reached skill level 15 in Invocations
 13053 | D:12     | Found a frozen archway.
 13134 | IceCv    | Entered an ice cave
 14445 | D:12     | Found a glowing silver altar of Zin.
 15096 | D:13     | Reached skill level 1 in Short Blades
 15096 | D:13     | Reached skill level 16 in Invocations
 15440 | D:13     | Noticed Erolcha
 15449 | D:13     | Killed Erolcha
 16017 | D:13     | Reached XP level 13. HP: 70/85 MP: 22/25
 16456 | D:14     | Found a portal to a secret trove of treasure.
 16818 | D:14     | Found a gate to the Vaults.
 16830 | D:14     | Reached skill level 17 in Invocations
 16997 | D:14     | Noticed Louise
 17011 | D:14     | Cast into level 3 of the Abyss (Louise)
 17095 | Abyss:3  | Noticed an ophan
 17125 | Abyss:3  | Killed from afar by an ophan

Illustrated notes

Levels and vault maps discovered:
D:1:      sevenhm_arrival_forest_fort_large_4, layout_rooms, serial_glass,
          glass_columns_a, glass_columns_b, tso_altar
D:2:      layout_loops_corners, minmay_overflow_temple_star_hex,
          ashenzari_altar_1, uniq_natasha
D:3:      layout_loops_corners, lemuel_coloured_pillars_altar,
          amethyst_overflow_temple_binary, gammafunk_ghost_nasty_kobolds,
          chequers_ecumenical_altar_simple
D:4:      layout_cave_pools, grunt_temple_overflow_order_and_chaos_2,
          uniq_blork_the_orc
D:5:      layout_cave_pools, serial_shops, shop, minmay_misc_feat_enclosed
D:6:      layout_loops_ring, minmay_temple_entry_waves, lexackson_kobold_supper
D:7:      layout_basic, led_sif_pool,
          chequers_temple_overflow_statue_of_worship, serial_rivers,
          chequers_serial_rivers_micro_c, chequers_serial_rivers_micro_b,
          chequers_serial_rivers_room_b, chequers_serial_rivers_marsh,
          chequers_serial_rivers_micro_d, minmay_misc_feat_hallway,
          trog_ov_bears_minmay
D:8:      layout_gridville, minmay_lair_entry_grove, chequers_arboretum,
          david_defended_altar_elf, uniq_joseph
D:9:      layout_loops_ring
D:10:     layout_rooms, minmay_statues_item, nicolae_ru_sacrificial_ziggurat
D:11:     gammafunk_the_bubble [the_bubble_gammafunk_grid], layout_stronghold,
          david_orc_4, enter_bailey_5, st_stairs_13
D:12:     layout_long_grid, basic_altar, portal_ice_cave_demonic_guard
D:13:     layout_loops_ring, serial_aquarium, aquarium_bridge_square
          [aquarium_subvault_bridge, aquarium_subvault_window,
          aquarium_subvault_balcony, aquarium_subvault_wall],
          aquarium_window_fake, aquarium_window_fake,
          aquarium_window_corridor_3, aquarium_window_fake, aquarium_view_2a,
          aquarium_view_2c, aquarium_pool_corner, uniq_erolcha
D:14:     layout_irregular_city, david_vaults_1, nicolae_trove_entry_columns,
          serial_glass, glass_columns_a, glass_columns_b, item_on_display_a,
          item_on_display_a, item_on_display_a, feat_on_display,
          hangedman_decor_opposing, uniq_louise
Abyss:3:  base: D:9, hangedman_abyss_mock_shop

Skill      XL: |  1  2  3  4  5  6  7  8  9 10 11 12 13 |
---------------+----------------------------------------+-----
Throwing       | 2 |  2.2
Maces & Flails | 3 |  3.3
Armour         | 1 4 6 7 8 9 |  9.0
Dodging        | 3 5 6 7 |  7.3
Stealth        | 1 2 4 5 6 7 9 |  9.6
Invocations    | 1 4 7 8 10 12 13 14 16 17 | 17.0
Long Blades    | 2 5 6 7 8 9 |  9.4
Short Blades   | 2 3 |  3.4
Fighting       | |  2.6

Action                   |  1- 3 |  4- 6 |  7- 9 | 10-12 | 13-15 || total
-------------------------+-------+-------+-------+-------+-------++-------
Melee: Flail             |    90 |    30 |       |       |       ||   120
       Short sword       |       |    25 |       |   106 |   124 ||   255
       Dagger            |       |    57 |       |       |       ||    57
       Kick              |       |    21 |    79 |    20 |       ||   120
       Scimitar          |       |       |   183 |   453 |       ||   636
Invok: Stomp             |       |       |     3 |    16 |     6 ||    25
Evoke: Wand              |       |       |       |     6 |     3 ||     9
  Use: Scroll            |       |       |       |    27 |       ||    27
       Potion            |       |       |       |     2 |       ||     2
 Stab: Sleeping          |     6 |     6 |    10 |    29 |    10 ||    61
       Paralysed         |       |     4 |    21 |    51 |     7 ||    83
       Distracted        |       |       |       |     4 |       ||     4
Armor: Leather armour    |    23 |    11 |       |       |       ||    34
       Ring mail         |       |    13 |    57 |       |       ||    70
       Scale mail        |       |       |    41 |   102 |       ||   143
       Ice dragon scales |       |       |       |   152 |    50 ||   202
Dodge: Dodged            |    74 |    58 |   128 |   315 |    75 ||   650
       Rpst.: Scimitar   |       |       |    35 |    81 |       ||   116

Table legend: (Time is in decaauts)
 A = Elapsed time spent in this place.
 B = Non-inter-level travel time spent in this place.
 C = Inter-level travel time spent in this place.
 D = Time resting spent in this place.
 E = Time spent auto-exploring this place.
 F = Levels seen in this place.
 G = Mean time per level.
                   A        B        C        D        E       F      G
               +--------+--------+--------+--------+--------+-----+--------+
         Total |  17137 |  16649 |    488 |    946 |  12519 |  17 | 1008.1 |
       Dungeon |  16022 |  15534 |    488 |    821 |  11884 |  14 | 1144.4 |
         Abyss |    106 |    106 |      0 |      0 |     64 |   1 |  106.0 |
        Bailey |    427 |    427 |      0 |      7 |    275 |   1 |  427.0 |
      Ice Cave |    582 |    582 |      0 |    118 |    296 |   1 |  582.0 |
               +--------+--------+--------+--------+--------+-----+--------+

Top non-repeatable levels by time:
    D:11: 1704 daAuts
    D:13: 1610 daAuts
     D:6: 1493 daAuts
     D:2: 1416 daAuts
     D:3: 1365 daAuts
     D:1: 1327 daAuts
    D:12: 1160 daAuts
     D:7: 1156 daAuts
     D:8: 1121 daAuts
    D:10: 997 daAuts
     D:9: 784 daAuts
     D:4: 676 daAuts
     D:5: 629 daAuts
   IceCv: 582 daAuts
    D:14: 578 daAuts
